 Dungeon Crawl Stone Soup version 0.29-a0-320-g9f8742066b (webtiles) character file.

Game seed: 7265891039892087155

54578 wakim the Basher (level 14, -9/124 HPs)
             Began as a Palentonga Fighter on Apr 2, 2022.
             Was an Initiate of Yredelemnul.
             Shot with an arrow by Nessos (13 damage)
             ... on level 13 of the Dungeon.
             The game lasted 01:00:22 (28724 turns).

wakim the Basher (Palentonga Fighter)              Turns: 28724, Time: 01:00:23

Health: -9/124     AC: 14    Str: 24    XL:     14   Next: 35%
Magic:  22/22      EV:  7    Int: 12    God:    Yredelemnul [......]
Gold:   1048       SH: 10    Dex: 16    Spells: 10/13 levels left

rFire   + . .      SeeInvis +   a - +9 mace of Honour {vorpal, rElec Stlth+}
rCold   . . .      Faith    .   c - +0 buckler
rNeg    . . .      Spirit   .   o - +1 scale mail {rF+}
rPois   +          Reflect  +   (no helmet)
rElec   +          Harm     .   q - +2 cloak {rPois}
rCorr   .          Rampage  .   V - +1 pair of gloves
Will    +....                   (no barding)
Stlth   +.........              P - amulet of reflection
HPRegen 0.30/turn               w - ring "Akkon" {Int+3 Dex+6}
MPRegen 0.18/turn               (no ring)

@: corroded, invisible, curled up
A: large, rugged brown scales 3, see invisible, deformed body, roll 1, armoured
tail, reflexive curl, stinger 1
a: Rolling Charge, Renounce Religion, Recall Undead Harvest


You were on level 13 of the Dungeon.
You worshipped Yredelemnul.
Yredelemnul was aware of your devotion.
You visited 4 branches of the dungeon, and saw 21 of its levels.
You also visited: Ice Cave.

You collected 1048 gold pieces.

Inventory:

Hand Weapons
 a - the +9 mace of Honour (weapon) {vorpal, rElec Stlth+}
   (You found it on level 5 of the Dungeon)

   It inflicts extra damage upon your enemies.
   rElec:     It insulates you from electricity.
   Stlth:     It makes you more stealthy.
 b - a +1 morningstar of flaming
 u - a +3 war axe of freezing
Missiles
 r - 4 curare-tipped darts {=f}
 Q - 26 poisoned darts
 S - 2 throwing nets {=f!f}
Armour
 c - a +0 buckler (worn)
 o - a +1 scale mail of fire resistance (worn)
 q - a +2 cloak of poison resistance (worn)
 O - a scarf of resistance
 V - a +1 pair of gloves (worn)
Jewellery
 k - an amulet of the acrobat
 w - the ring "Akkon" (left hand) {Int+3 Dex+6}
   (You found it on level 8 of the Dungeon)

   [ring of dexterity]

   Int:       It affects your intelligence (+3).
   Dex:       It affects your dexterity (+6).
 P - an amulet of reflection (around neck)
 W - a ring of fire
Wands
 t - a wand of digging (5)
 v - a wand of flame (36)
 x - a wand of charming (11)
 y - a wand of paralysis (4)
 z - a wand of polymorph (3)
 Z - a wand of iceblast (14)
Scrolls
 n - a scroll of brand weapon
 p - 2 scrolls of amnesia
 C - a scroll of enchant weapon
 R - 3 scrolls of magic mapping {!r}
 T - 3 scrolls of enchant armour
 U - a scroll of fear
 X - a scroll of fog
 Y - 2 scrolls of blinking {!r}
Potions
 A - 3 potions of ambrosia
 B - 2 potions of attraction {!q}
 D - 2 potions of brilliance
 E - a potion of cancellation
 F - 2 potions of curing
 G - 3 potions of flight
 H - 3 potions of haste
 K - a potion of magic
 L - 3 potions of lignification {!q}
 M - 2 potions of mutation {!q}
 N - 2 potions of might
Miscellaneous
 l - a condenser vane
 m - a phantom mirror
 s - a tin of tremorstones (2/2)


   Skills:
 + Level 12.4 Fighting
 - Level 4.6(10.1) Axes
 * Level 13.8(14.1) Maces & Flails
 * Level 8.9 Armour
 - Level 4.0 Shields
 + Level 11.3 Invocations
 + Level 8.5 Evocations


You had 10 spell levels left.
You knew the following spells:

 Your Spells              Type           Power      Damage    Failure   Level
s - Swiftness             Air            0%         N/A       95%         3

Your spell library contained the following spells:

 Spells                   Type           Power      Damage    Failure   Level
 Shock                    Conj/Air       0%         1d3       65%         1
 Slow                     Hex            0%         N/A       65%         1
 Confusing Touch          Hex            0%         N/A       95%         3
 Conjure Flame            Conj/Fire      0%         6-21      95%         3
 Ignite Poison            Fire/Tmut/Pois 0%         N/A       95%         3
 Vampiric Draining        Necr           0%         2d6       95%         3
 Airstrike                Air            0%         N/A       100%        4
 Olgreb's Toxic Radiance  Pois           0%         N/A       100%        4
 Sticky Flame             Conj/Fire      0%         2d3       100%        4
 Alistair's Intoxication  Tmut/Pois      0%         N/A       100%        5
 Borgnjor's Vile Clutch   Necr/Erth      0%         N/A       100%        5
 Eringya's Noxious Bog    Tmut/Pois      0%         N/A       100%        6
 Ozocubu's Refrigeration  Ice            0%         4d5       100%        7
 Ignition                 Fire           0%         3d3       100%        8


Dungeon Overview and Level Annotations

Branches:
Dungeon (13/15)            Temple (1/1) D:5            Lair (5/6) D:11
 Shoals (0/4) Lair:3       Spider (0/4) Lair:3        Slime (0/5) Lair:5
    Orc (2/2) D:9           IceCv (visited)
    Elf: Orc:2       Vaults: D:13-14

Altars:
Ashenzari
Cheibriados
Dithmenos
Elyvilon
Fedhas
Gozag
Hepliaklqana
Kikubaaqudgha
Makhleb
Nemelex Xobeh
Okawaru
Qazlal
Ru
Sif Muna
Trog
Uskayaw
Vehumet
Wu Jian
Xom
Yredelemnul
Zin
The Shining One
Jiyva

Shops:
D:3 :(([

Annotations:
D:8 kae's ghost, journeyman TeFE
D:10 1 transporter
D:13 Nessos
Lair:1 exclusion: oklob plant
Lair:3 2 transporters, Tousas's ghost, journeyman DDFi


Innate Abilities, Weirdness & Mutations

You are completely covered in rugged brown scales. (AC +3, +7% HP)
You have supernaturally acute eyesight. (SInv)
Armour fits poorly on your strangely shaped body.
You can roll at nearby foes to attack.
You have a long armoured tail.
You curl defensively after being hit. (AC +7*)
Your tail ends in a venomous barb.


Message History

Nessos zaps a wand.
The bolt of acid hits you!!
* * * LOW HITPOINT WARNING * * *
The acid corrodes you! 5/124 (-30) Nessos gestures wildly while chanting.
Nessos blinks!
Nessos unwields a +1 longbow of flaming.
It stops flaming.
You block Nessos's attack. Nessos closely misses you. 6/124 (+1)
You hit Nessos but do no damage. You tail-slap Nessos, but do no damage.
Nessos casts a spell.
Nessos blinks!
You feel much better.
Nessos stands on their hind legs for a moment.
Nessos gestures wildly while chanting.
Nessos blinks!
Nessos wields a +1 longbow of flaming.
It bursts into flame!
Nessos shoots an arrow.
You reflect the arrow off an invisible shield around you!
The arrow barely misses Nessos.
The arrow hits your ugly thing zombie!! The arrow burns your ugly thing zombie.
You destroy your ugly thing zombie! 31/124 (+25)
You fade into invisibility!
Nessos shoots an arrow.
The arrow hits you!!
* * * LOW HITPOINT WARNING * * *
The arrow burns you.
* * * LOW HITPOINT WARNING * * *
Nessos shoots an arrow.
You reflect the arrow off an invisible shield around you!
The arrow hits Nessos!
The arrow burns Nessos.
Nessos looks as sick as possible! 11/124 (-20)
You feel better.
Nessos shoots an arrow.
The arrow hits you!
* * * LOW HITPOINT WARNING * * *
The arrow burns you.
* * * LOW HITPOINT WARNING * * *
Nessos shoots an arrow.
The arrow hits you!
You die...
Your body rises from the dead as a mindless zombie.

#......>....# #
##<##......... ##.
#..#......#... ...#######
#.#..#....#... #..$...#
##.[.##........
#......#####..#.###...####
#...)..................#
#............####......#
####..)..@..## #......# #
#####.)......## #......#
#.. #.....##....##
#....... #..#.######c.###
########. #..............#
## .............###.#
...###......## ... #.
##........ ### # #.§...###


You could see Nessos (fast, can't see you, extremely poisoned).

Vanquished Creatures
  Rupert (D:13)
  3 entropy weavers (Lair:4)
  Josephine (Lair:4)
  A boulder beetle (D:11)
  A rakshasa (D:12)
  3 ghost crabs (Lair:4)
  4 hydras
  A catoblepas (Lair:4)
  3 two-headed ogres
  A centaur warrior (D:13)
  Sonja (Lair:1)
  The ghost of jmlagarto the Skirmisher, a novice MiAK of Lugonu (D:7)
  4 fire crabs (Lair:4)
  An orb spider (Lair:3)
  3 ugly things
  An ugly thing zombie (D:13)
  An oklob plant (Lair:4)
  A cyclops (D:12)
  An orc sorcerer (Orc:1)
  2 manticores (D:12)
  3 elephants (Lair:4)
  2 black mambas
  2 gargoyles
  11 cane toads
  4 komodo dragons
  4 trolls
  A merfolk (Lair:3)
  A hornet (D:6)
  15 blink frogs
  5 slime creatures (D:12)
  A shadow (D:9)
  7 wraiths
  A wyvern (D:10)
  A basilisk (Lair:4)
  43 yaks
  3 steam dragons
  2 vampire mosquitoes (D:12)
  A warg (D:9)
  3 acid dragons
  8 water moccasins
  6 orc warriors
  A sky beast (D:8)
  An ice beast (D:7)
  A black bear (Lair:2)
  4 ogres
  A wolf (Lair:4)
  4 centaurs
  2 phantoms
  3 kobold brigands
  6 bullfrogs
  2 necrophages (D:8)
  A gnoll sergeant (D:11)
  3 scorpions
  9 wights
  5 killer bees (D:8)
  6 howler monkeys
  A crimson imp (D:5)
  2 jellies
  3 orc priests
  Crazy Yiuf (D:5)
  3 gnoll shamans
  5 hounds
  An iguana (D:4)
  13 orc wizards
  2 polar bear simulacra (Lair:1)
  A wolf simulacrum (Lair:1)
  32 gnolls
  6 adders
  2 worms
  4 dart slugs
  43 orcs
  7 ball pythons
  4 bats (D:2)
  8 endoplasms
  4 giant cockroaches
  7 goblins
  8 hobgoblins
  14 jackals (D:5)
  2 quokkas
  13 kobolds
  2 rats
396 creatures vanquished.

Vanquished Creatures (collateral kills)
  An entropy weaver (Lair:4)
  A hydra (Lair:3)
  A two-headed ogre (D:8)
  A fire crab (Lair:4)
  3 elephants (Lair:4)
  3 cane toads
  A black mamba (Lair:1)
  An apocalypse crab (Lair:4)
  3 merfolk (Lair:3)
  A polar bear (Lair:3)
  9 blink frogs
  2 slime creatures (D:12)
  8 yaks
  A water moccasin (Lair:4)
  A black bear (D:7)
  4 wolves (Lair:4)
  A bullfrog (Lair:4)
  A necrophage (D:7)
  2 wights (D:9)
  An orc wizard (D:5)
  An orc (D:5)
  2 kobolds (D:10)
49 creatures vanquished.

Vanquished Creatures (others)
  An entropy weaver zombie (Lair:4)
  A spectral elephant (Lair:4)
  A two-headed ogre zombie (D:13)
  A cane toad zombie (Lair:4)
  4 elephant zombies (Lair:4)
  A ghost crab zombie (Lair:4)
  4 blink frog zombies (Lair:4)
  2 fire crab zombies (Lair:4)
  2 water moccasin zombies (Lair:4)
  A troll zombie (D:13)
  6 yak zombies
  A spectral ice beast (D:7)
  2 wolf zombies (Lair:4)
  4 centaur zombies
  A basilisk zombie (Lair:4)
  3 gnoll zombies
  5 kobold zombies
  11 orc zombies
  A bush (Lair:4)
  56 fungi
  57 plants
165 creatures vanquished.

Grand Total: 610 creatures vanquished

Notes
Turn   | Place    | Note
-------+----------+-------------------------------------------
     0 | D:1      | wakim the Palentonga Fighter began the quest for the Orb.
     0 | D:1      | Reached XP level 1. HP: 19/19 MP: 1/1
   129 | D:1      | Found a faded altar of an unknown god.
   146 | D:1      | Reached XP level 2. HP: 22/25 MP: 2/2
   387 | D:1      | !bestwep
   547 | D:1      | !bestwep
   672 | D:1      | Found a glowing golden altar of the Shining One.
   715 | D:2      | Reached XP level 3. HP: 31/31 MP: 3/3
  1329 | D:3      | Found Usohepyh's Book Boutique.
  1349 | D:3      | Found Xybbeist's Antique Weapon Boutique.
  1351 | D:3      | Reached skill level 3 in Maces & Flails
  1522 | D:3      | Found Housiav's Weapon Boutique.
  1552 | D:3      | Found Guxunaiza's Antique Armour Boutique.
  1655 | D:3      | Reached XP level 4. HP: 39/39 MP: 4/4
  2456 | D:3      | !bestwep
  2753 | D:4      | Noticed a bullfrog
  2760 | D:4      | Killed a bullfrog
  2761 | D:4      | Reached skill level 1 in Axes
  2761 | D:4      | Reached XP level 5. HP: 25/46 MP: 5/5
  2946 | D:4      | Noticed an ogre
  3730 | D:4      | Killed an ogre
  3731 | D:4      | Reached XP level 6. HP: 53/53 MP: 6/6
  3768 | D:4      | Reached skill level 5 in Fighting
  4047 | D:5      | Entered Level 5 of the Dungeon
  4202 | D:4      | Gained mutation: You curl defensively after being hit. (AC
                  | +7*) [Palentonga growth]
  4202 | D:4      | Reached XP level 7. HP: 41/59 MP: 7/7
  4549 | D:5      | Noticed a steam dragon
  4562 | D:5      | Killed a steam dragon
  4962 | D:5      | Found a runed translucent door.
  4968 | D:5      | Noticed Crazy Yiuf
  4970 | D:5      | Identified the +9 mace of Honour {vorpal, rElec Stlth+}
  4973 | D:5      | !bestwep
  4980 | D:5      | Killed Crazy Yiuf
  5123 | D:5      | Reached skill level 1 in Evocations
  5132 | D:5      | Reached XP level 8. HP: 61/69 MP: 8/8
  5274 | D:5      | Found a staircase to the Ecumenical Temple.
  5283 | Temple   | Entered the Ecumenical Temple
  5384 | Temple   | Became a worshipper of Yredelemnul the Dark
  5710 | D:5      | Reached skill level 4 in Maces & Flails
  5730 | D:5      | Found a burning altar of Makhleb.
  5732 | D:5      | Reached * piety under Yredelemnul
  5945 | D:5      | Reached ** piety under Yredelemnul
  5958 | D:5      | Reached skill level 1 in Invocations
  6427 | D:6      | Found a broken altar of Ashenzari.
  6438 | D:6      | Noticed a hornet
  6448 | D:6      | Paralysed by a hornet for 3 turns
  6456 | D:6      | Killed a hornet
  6457 | D:6      | Reached skill level 5 in Maces & Flails
  6810 | D:6      | Found a glowing golden altar of the Shining One.
  6994 | D:6      | Found a stormy altar of Qazlal.
  7210 | D:7      | !bestwep
  7240 | D:7      | Found a sacrificial altar of Ru.
  7311 | D:7      | Reached XP level 9. HP: 76/77 MP: 9/11
  7390 | D:7      | Reached skill level 6 in Maces & Flails
  7581 | D:7      | Found a runed translucent door.
  7585 | D:7      | Noticed jmlagarto's ghost (novice MiAK)
  8239 | D:8      | Noticed kae's ghost (journeyman TeFE)
  8239 | D:8      | Found a runed translucent door.
  8239 | D:8      | Found a shimmering altar of Xom.
  8317 | D:8      | Identified the ring "Akkon" {Int+3 Dex+6}
  8416 | D:8      | Reached skill level 5 in Evocations
  8757 | D:8      | Reached skill level 7 in Maces & Flails
  8830 | D:8      | Noticed a two-headed ogre
  8837 | D:8      | Killed a two-headed ogre
  8838 | D:8      | Reached XP level 10. HP: 79/85 MP: 9/13
  9009 | D:8      | Learned a level 3 spell: Swiftness
  9261 | D:8      | Noticed a +0 scimitar of chaos
  9492 | D:9      | Reached skill level 5 in Invocations
  9659 | D:9      | Reached skill level 8 in Maces & Flails
  9931 | D:9      | Found a staircase to the Orcish Mines.
 10155 | D:9      | Found a hide-covered altar of Uskayaw.
 10194 | D:9      | Reached *** piety under Yredelemnul
 10198 | D:9      | Reached **** piety under Yredelemnul
 10610 | D:9      | Learned a level 3 spell: Swiftness
 10611 | D:10     | Entered Level 10 of the Dungeon
 10644 | D:10     | Noticed a two-headed ogre
 10651 | D:10     | Killed a two-headed ogre
 10652 | D:10     | Reached skill level 9 in Maces & Flails
 10881 | D:10     | !bestwep
 11130 | D:10     | Reached XP level 11. HP: 53/95 MP: 14/16
 11522 | D:10     | Found a sparkling altar of Nemelex Xobeh.
 11522 | D:10     | Found a transporter.
 11523 | D:10     | Noticed a boulder beetle
 11755 | Orc:1    | Entered Level 1 of the Orcish Mines
 11765 | Orc:1    | Reached skill level 10 in Maces & Flails
 12133 | Orc:1    | Noticed an orc sorcerer
 12249 | Orc:1    | Gained mutation: Your tail ends in a venomous barb. [potion
                  | of mutation]
 12353 | Orc:1    | Killed an orc sorcerer
 12698 | Orc:2    | Entered Level 2 of the Orcish Mines
 12706 | Orc:2    | Noticed an orc knight
 13258 | D:11     | Noticed a boulder beetle
 13282 | D:11     | Killed a boulder beetle
 13774 | D:11     | Found a staircase to the Lair.
 14257 | Lair:1   | Entered Level 1 of the Lair of Beasts
 14258 | Lair:1   | Found a frozen archway.
 14302 | IceCv    | Entered an ice cave
 14741 | Lair:1   | Reached skill level 11 in Maces & Flails
 15005 | Lair:1   | Reached skill level 10 in Fighting
 15085 | Lair:1   | Noticed Sonja
 15102 | Lair:1   | Killed Sonja
 15212 | Lair:1   | You fall into a shaft and drop 1 floor!
 15386 | Lair:1   | Found a blossoming altar of Fedhas.
 15397 | Lair:1   | Noticed an oklob plant
 16352 | Lair:2   | Reached XP level 12. HP: 76/104 MP: 18/18
 16573 | Lair:2   | Reached skill level 12 in Maces & Flails
 17299 | Lair:3   | Noticed Tousas's ghost (journeyman DDFi)
 17300 | Lair:3   | Found a transporter.
 17301 | Lair:3   | Noticed a seven-headed hydra
 17333 | Lair:3   | Found a transporter.
 17529 | D:7      | Killed jmlagarto's ghost
 18127 | Lair:3   | Noticed a five-headed hydra
 18130 | Lair:3   | Noticed an eight-headed hydra
 18628 | Lair:3   | Found a hole to the Spider Nest.
 18945 | Lair:3   | !bestwep
 18989 | Lair:3   | Killed an eight-headed hydra
 19152 | Lair:3   | Reached skill level 5 in Armour
 19177 | Lair:3   | Killed a five-headed hydra
 19478 | Lair:3   | Found a staircase to the Shoals.
 19644 | Lair:3   | Reached ***** piety under Yredelemnul
 19958 | Lair:3   | Reached ****** piety under Yredelemnul
 19962 | Lair:3   | Reached skill level 13 in Maces & Flails
 20343 | Lair:3   | !bestwep
 20346 | Lair:4   | Noticed a catoblepas
 20823 | Lair:4   | Reached XP level 13. HP: 85/113 MP: 20/20
 21436 | Lair:4   | Reached skill level 10 in Invocations
 21707 | Lair:4   | Found a runed translucent door.
 22878 | Lair:4   | Noticed an entropy weaver
 22932 | Lair:4   | Killed an entropy weaver
 23696 | Lair:4   | Noticed an entropy weaver
 23971 | Lair:4   | Killed an entropy weaver
 24476 | Lair:4   | Noticed an entropy weaver
 24476 | Lair:4   | Noticed an entropy weaver
 24891 | Lair:4   | Killed an entropy weaver
 25076 | Lair:4   | Killed an entropy weaver
 25178 | Lair:4   | Paralysed by you for 3 turns
 25192 | Lair:4   | !bestwep
 25467 | Lair:5   | Noticed Josephine
 26003 | Lair:4   | Killed Josephine
 26197 | Lair:5   | Found a runed translucent door.
 26200 | Lair:5   | Found a viscous altar of Jiyva.
 26202 | Lair:5   | Found a staircase to the Slime Pits.
 26757 | D:12     | Reached XP level 14. HP: 96/123 MP: 22/22
 28242 | D:13     | Noticed Nessos
 28456 | D:13     | Noticed Rupert
 28469 | D:13     | Killed Rupert
 28719 | D:13     | HP: 5/124 [Nessos/bolt of acid (30)]
 28724 | D:13     | HP: 6/124 [Nessos/arrow (13)]
 28724 | D:13     | Shot with an arrow by Nessos

Illustrated notes ## .........# ####### .........# ......# .........# #####.# .........# ...# .........# ...# .........# ...# .........# ...# .........# ...# .......@.# ...# .........# #### .J.......# # .........# ##.####.## #. #S# .(. ... Turn 387 on D:1: !bestwep #...≈≈≈≈≈≈ ###############..≈≈≈≈≈≈≈ ...................≈≈.≈. ......)...######....≈... ........................ ..........############## ....>....).............. ..........############## .g.....@..# #.... ..........# #.... ..........# #.... ########### #.... #.... #.... #.... #.... #.... Turn 547 on D:1: !bestwep #.###########.# ####### #.# #.# #...... #o# #.# ###.##### #.# #.# #......[. #.# ##.###....#### #.# #.........#### #.# #..#.........# #.##########..#.......... #.......@>).............# ##############.###....... #.# #...#### #.# #.....# #.# #####.## #.# #.#. #.# #.#. #.# #... #.# #.## Turn 2456 on D:3: !bestwep ........###.......### ##.## ........###.....### #.## .........#......# ##..### .........######## ##.....# .........# #..##.## .......#.# #.##### ........## ### ♣♣##..# ........# #)))#♣♣ ♣♣.)...# .......[# #.)g+@♣♣♣♣......# .......## #)))#♣))♣).....## .......# ### ♣♣♣)♣...)## .####..# ♣♣♣♣♣### ## #..# # #..# # #..# # ##.. Turn 4973 on D:5: !bestwep #.# #+## #.# #...# ####.# ##..... ##.##.###...... #.########...#.##....... ......Z@##.......## ##..D.......Z.#.####.#..# #....<.....##### ###### ###P#.....## ###...#.# #..#### ##.# #.# #.# Turn 18945 on Lair:3: !bestwep .### ######.....# ##....#####. ...#### ####..## ###...##...... ......## #...# #.#.####.#...# ##.....### ##..###....# ##...#. ##...ZZ.# #...#...### #...#.# ######.Z### #.......## ##.ZZZ. .###..#...# ##.ZZ.Z^.Z####ZZ##.Z ###...#...####ZZZ###ZZ.Z.#Z###### ..#.......#.#.ZZ@##......Z## ## ≈.##...........Z#Z####.#..# #. ≈Z.#....<.....##### ###### ## ≈)^###.#.....## #P #Z#.####...#.# ## #≈>.# #..#### ## #Z#.# ##.# #. ≈≈.## #.# ## )Z.### #.# #. Turn 20343 on Lair:3: !bestwep

##.#..## #............... #.Z##.#
#...[..####..... ##.#..#
##....####......
##.Z############...###...Z#
###.#.##.........#.....#..Z##
#......#.#######.#.....Z...#
######..#.##.#.....#.####..#.#.#
#.##.#.###.#.#.###.#.# ##.#..###
##.....#####.#.#@#.#.#######.[.#.
#..##...#.##.#.#Z#.#.#...###.....
#..###...###.#.#Z#.#.#....#######
##..##.....#.#.#.#.#.##.#.# ####
#..####.#.##.#.#.#.#.###..####...
##Z###.##..#.#.#.[Z#.###.........
#...#.....##.#.#####.#...........
##.##.....##.#.......#..(..######
#.#.......#.#########..#..#


Turn 25192 on Lair:4: !bestwep

Levels and vault maps discovered:
D:1:      dpeg_arrival_water_altar, layout_basic,
          chequers_ecumenical_altar_island, hex_medium
D:2:      layout_loops_ring
D:3:      layout_loops_ring, serial_shops, shop_fountains, nicolae_shop_stone,
          nicolae_shop_trees, nicolae_shop_hallway_plus, minivault_25
D:4:      kennysheep_six_static_rooms, layout_basic
D:5:      lemuel_castle_with_subvaults [lemuel_castle_interior_carwin_2],
          layout_layer_cave, makhleb_grotto_becter,
          minmay_temple_entry_antechambers, uniq_crazy_yiuf_cottage
D:6:      layout_rooms, kennysheep_mini_moat, nicolae_qazlal_eye_of_the_storm,
          nicolae_tso_swordbearing_angel
D:7:      layout_loops_corners, mainiacjoe_overflow_boulevard,
          ebering_ghost_reflecting_pool
D:8:      layout_loops_corners, ebering_ghost_xom
D:9:      layout_rooms, nicolae_uskayaw_murder_on_the_dancefloor, orc_0_dummy,
          minmay_liquid_box, grunt_ministairs_6
D:10:     layout_roguey, grunt_nemelex_the_gamble
D:11:     layout_small_grid, lair_entry_dummy
D:12:     layout_irregular_city
D:13:     layout_rooms, uniq_nessos, uniq_rupert
Temple:   regret_index_temple_generic_petals
Lair:1:   layout_chaotic_city, portal_ice_cave_entry_ice_simulacra,
          nicolae_volcano_entry_lava_flow, tgw_fedhas, grunt_megastairs_2,
          uniq_sonja
Lair:2:   layout_loops_ring, lemuel_fruit_fields
Lair:3:   layout_layer_cave, elwin_shoals_entry_stream,
          nicolae_spider_entry_orb_guardian, gammafunk_ghost_arena
Lair:4:   gammafunk_mikee_crab_dinner, layout_loops_ring
Lair:5:   layout_gridlike, slime_altar_2, uniq_josephine
Orc:1:    layout_diamond_mine
Orc:2:    pf_orc_diabolical, layout_caves, serial_shops,
          nicolae_shop_behind_doors, uniq_saint_roka

Skill      XL: |  1  2  3  4  5  6  7  8  9 10 11 12 13 14 |
---------------+-------------------------------------------+-----
Maces & Flails | 3 5 7 9 11 13 | 13.8
Fighting       | 4 5 6 7 8 9 10 11 12 | 12.4
Axes           | 1 2 3 4 |  4.6
Shields        | 3 4 |  4.0
Evocations     | 1 3 5 6 8 |  8.5
Invocations    | 2 4 6 8 9 10 11 | 11.3
Armour         | 3 5 8 |  8.9

Action                   |  1- 3 |  4- 6 |  7- 9 | 10-12 | 13-15 || total
-------------------------+-------+-------+-------+-------+-------++-------
Melee: Flail             |    80 |    19 |       |       |       ||    99
       Tailslap          |     9 |     5 |    29 |    96 |    92 ||   231
       War axe           |       |    54 |    58 |       |       ||   112
       Mace              |       |       |   202 |   586 |   367 ||  1155
Throw: Dart              |       |       |       |     7 |       ||     7
Invok: Recall Undead Har |       |       |     5 |    12 |     5 ||    22
       Dark Bargain      |       |       |     1 |     1 |     2 ||     4
       Drain Life        |       |       |       |       |     1 ||     1
       Bind Soul         |       |       |       |       |     1 ||     1
 Abil: Rolling Charge    |    23 |    20 |    64 |    62 |    34 ||   203
Evoke: Wand              |       |     9 |       |     3 |    22 ||    34
  Use: Scroll            |     5 |     6 |     5 |    10 |     8 ||    34
       Potion            |       |     2 |       |     2 |     6 ||    10
 Stab: Distracted        |       |       |     1 |     2 |     4 ||     7
       Sleeping          |       |       |     1 |       |       ||     1
       Paralysed         |       |       |       |     1 |       ||     1
Armor: Scale mail        |    34 |    10 |       |    62 |   178 ||   284
       Chain mail        |       |    20 |    25 |       |       ||    45
       Steam dragon scal |       |       |    60 |   121 |       ||   181
       Skin              |       |       |       |     7 |       ||     7
Dodge: Dodged            |    18 |    13 |    64 |   170 |    96 ||   361
Block: Buckler           |    25 |    24 |   115 |   260 |   169 ||   593
       Reflection        |       |       |       |     2 |     3 ||     5

Table legend: (Time is in decaauts)
 A = Elapsed time spent in this place.
 B = Non-inter-level travel time spent in this place.
 C = Inter-level travel time spent in this place.
 D = Time resting spent in this place.
 E = Time spent auto-exploring this place.
 F = Levels seen in this place.
 G = Mean time per level.
                   A        B        C        D        E       F      G
               +--------+--------+--------+--------+--------+-----+--------+
         Total |  28666 |  27101 |   1565 |   4008 |  19360 |  22 | 1303.0 |
       Dungeon |  15888 |  15036 |    852 |   1864 |  10829 |  13 | 1222.2 |
        Temple |    215 |    203 |     12 |      0 |    184 |   1 |  215.0 |
          Lair |  11641 |  10958 |    683 |   1758 |   7965 |   5 | 2328.2 |
  Orcish Mines |    826 |    809 |     17 |    311 |    382 |   2 |  413.0 |
      Ice Cave |     94 |     94 |      0 |     74 |      0 |   1 |   94.0 |
               +--------+--------+--------+--------+--------+-----+--------+

Top non-repeatable levels by time:
  Lair:4: 5135 daAuts
  Lair:3: 2628 daAuts
     D:9: 1972 daAuts
  Lair:1: 1914 daAuts
     D:5: 1648 daAuts
    D:12: 1533 daAuts
     D:4: 1530 daAuts
  Lair:2: 1308 daAuts
    D:10: 1297 daAuts
     D:8: 1256 daAuts
     D:7: 1214 daAuts
     D:3: 1210 daAuts
    D:11: 1193 daAuts
     D:6: 1010 daAuts
     D:2: 886 daAuts
